 Dungeon Crawl Stone Soup version 0.31-a0-217-g58bb5d79cf (webtiles) character file.

Game seed: 12707520604388838290

10623 Anon1729 the Fighter (level 11, -3/107 HPs)
             Began as a Minotaur Monk on July 2, 2023.
             Was a High Priest of Zin.
             Slain by a naga
             ... wielding a +0 trident
              (16 damage)
             ... on level 2 of the Lair of Beasts.
             The game lasted 00:08:51 (10594 turns).

Anon1729 the Fighter (Minotaur Monk)               Turns: 10594, Time: 00:08:52

Health: -3/107     AC: 12    Str: 20    XL:     11   Next: 38%
Magic:  10/10      EV: 16    Int:  7    God:    Zin [*****.]
Gold:   432        SH:  0    Dex: 13    Spells: 10/10 levels left

rFire   . .          .
                       - Unarmed
rCold   . . .        c - orb {light}
rNeg    . . .        y - quicksilver dragon scales
rPois   .            (helmet restricted)
rElec   .            a - scarf of Wifin {shadows, Rampage Regen+ rCorr}
rCorr   +            v - +0 pair of gloves
SInv    .            n - +1 pair of boots {Stlth+}
Will    ++...        (no amulet)
Stlth   +            g - ring of resist corrosion
HPRegen 1.17/turn    s - ring of willpower
MPRegen 0.12/turn

%: rampage
@: lethally poisoned (-3 -> -4), glowing
A: horns 2, retaliatory headbutt
a: Renounce Religion, Recite, Vitalisation, Imprison, Sanctuary, Donate Gold


You were on level 2 of the Lair of Beasts.
You worshipped Zin.
Zin was extremely pleased with you.
You visited 2 branches of the dungeon, and saw 12 of its levels.
You also visited: Ossuary and Bailey.

You collected 479 gold pieces.
You donated 47 gold pieces to Zin.

Inventory:

Missiles
 H - 22 poisoned darts
Armour
 a - the scarf of Wifin (worn) {shadows, Rampage Regen+ rCorr}
   (You acquired it on level 8 of the Dungeon)

   Regen:     It increases your rate of health regeneration.
   rCorr:     It protects you from acid and corrosion.
   Rampage:   It bestows one free step when moving towards enemies.
 c - an orb of light (worn)
 i - a +0 plate armour
 n - a +1 pair of boots of stealth (worn)
 v - a +0 pair of gloves (worn)
 y - quicksilver dragon scales (worn)
Jewellery
 g - a ring of resist corrosion (left hand)
 q - a ring of ice
 s - a ring of willpower (right hand)
Wands
 z - a wand of digging (5)
 A - a wand of charming (11)
 D - a wand of roots (7)
 E - a wand of flame (35)
Scrolls
 d - a scroll of silence
 e - a scroll of amnesia
 h - 2 scrolls of blinking
 j - 4 scrolls of immolation
 l - 2 scrolls of identify
 m - 3 scrolls of enchant weapon
 o - 6 scrolls of teleportation
 u - 3 scrolls of revelation
 w - 2 scrolls of poison
 C - 4 scrolls of enchant armour
 J - a scroll of fear {unknown}
 K - a scroll of vulnerability {unknown}
 L - a scroll of torment {unknown}
Potions
 b - a potion of ambrosia
 f - 2 potions of cancellation
 k - 2 potions of brilliance {unknown}
 p - 4 potions of curing
 r - a potion of mutation
 t - 3 potions of enlightenment
 x - 2 potions of heal wounds {unknown}
 B - a potion of degeneration {unknown}
 F - a potion of berserk rage {unknown}
 G - a potion of haste
 I - a potion of lignification {unknown}
 M - 2 potions of might {unknown}


   Skills:
 + Level 13.0 Fighting
 + Level 11.8 Dodging
 + Level 11.8 Unarmed Combat


You had 10 spell levels left.
You didn't know any spells.
Your spell library contained the following spells:

 Spells                   Type           Power      Damage    Failure   Level
 Apportation              Tloc           0%         N/A       63%         1
 Magic Dart               Conj           0%         1d3       63%         1
 Necrotise                Necr           0%         1d4       63%         1
 Slow                     Hex            0%         N/A       63%         1
 Summon Small Mammal      Summ           0%         N/A       63%         1
 Call Imp                 Summ           0%         N/A       77%         2
 Confusing Touch          Hex            0%         N/A       94%         3
 Mephitic Cloud           Conj/Pois/Air  0%         N/A       94%         3
 Vampiric Draining        Necr           0%         2d6       94%         3


Dungeon Overview and Level Annotations

Branches:
Dungeon (10/15)            Temple (0/1) D:7            Lair (1/5) D:9
  Snake (0/4) Lair:2      Ossuary (visited)          Bailey (visited)
    Orc: D:9-12

Altars:
Ashenzari
Cheibriados
Dithmenos
Elyvilon
Fedhas
Gozag
Kikubaaqudgha
Makhleb
Nemelex Xobeh
Qazlal
Sif Muna
Vehumet
Wu Jian
Zin
The Shining One

Annotations:
D:8 3 runed translucent doors
D:9 exclusion: downstairs


Innate Abilities, Weirdness & Mutations

You have a pair of horns on your head.
You reflexively headbutt those who attack you in melee.


Message History

The splash of poison hits you.
You are more poisoned.
The naga constricts you.
You punch the naga!
You kill the naga!
You feel sick. The naga spits poison at you. The splash of poison misses you.
The naga barely misses you. You furiously retaliate!
You headbutt the naga. The naga constricts you.
You pummel the naga!!
The naga is severely wounded.
You feel very sick. The naga hits you but does no damage.
You hit the naga. You headbutt the naga.
The naga is severely wounded.
You feel sick. The naga barely misses you. The naga constricts you.
The naga spits poison at you. The splash of poison misses you.
The naga closely misses you.
You punch the naga!
You kill the naga!
You feel sick. The naga misses you. The naga completely misses you.
You punch the naga!
The naga is moderately wounded.
You feel sick.
The naga hits you from afar with a +0 trident!
* * * LOW HITPOINT WARNING * * *
You hit the naga.
The naga is heavily wounded.
You feel sick. The naga hits you but does no damage.
The naga barely misses you. The naga spits poison at you.
The splash of poison hits you but does no damage.
You are more poisoned.
You hit the naga. Your headbutt misses the naga.
The naga is severely wounded.
You feel sick. The naga hits you with a +0 long sword.
* * * LOW HITPOINT WARNING * * *
The naga misses you.
The naga hits you from afar with a +0 trident!
You die...

...# .....# .#.#...##
........## #.>.#...##
. ......).#
...#N#.#..# . .. .
#.....)...# .##.#..
#...#@#..# .P.#..
##..N...?##### ......
#######.#.#.####P.#..
.............#P....#
####.#...###......#
####### ####...##
##...# #...#. #.....


You could see 2 nagas.

Vanquished Creatures
  Pikel (D:6)
  An ugly thing (D:8)
  A cyclops (D:7)
  Prince Ribbit (D:7)
  A shadow (D:9)
  5 spriggans (Bailey)
  A wraith (D:9)
  3 wyverns
  4 basilisks
  5 yaks (D:9)
  2 steam dragons
  2 acid dragons (D:9)
  3 nagas (Lair:2)
  4 water moccasins
  4 sky beasts
  4 black bears
  7 ogres
  An orc warrior (D:7)
  An ice beast (D:7)
  3 centaurs
  3 lemures
  A phantom (D:6)
  3 kobold brigands
  3 bullfrogs
  A gnoll sergeant (D:6)
  10 scorpions
  24 killer bees
  2 howler monkeys
  A crimson imp (D:7)
  A human zombie (Ossuary)
  2 gnoll boudas
  3 orc priests (D:9)
  A hound (D:5)
  A centaur zombie (Ossuary)
  2 jellies
  2 sleepcaps
  7 iguanas
  5 orc wizards
  4 scorpion zombies (Ossuary)
  3 mummies (Ossuary)
  21 gnolls
  5 adders
  5 white imps
  An ufetubus (D:6)
  A dart slug (D:3)
  26 orcs
  6 ball pythons
  7 endoplasms
  3 giant cockroaches
  4 gnoll zombies (Ossuary)
  12 goblins
  8 hobgoblins
  8 jackals (D:1)
  3 quokkas
  7 bats
  3 frilled lizards (D:1)
  A goblin zombie (Ossuary)
  3 hobgoblin zombies (Ossuary)
  15 kobolds
  3 orc zombies (Ossuary)
  2 rats
277 creatures vanquished.

Vanquished Creatures (collateral kills)
  An ogre (Bailey)
1 creature vanquished.

Vanquished Creatures (others)
  A two-headed ogre (Bailey)
  A killer bee (D:9)
2 creatures vanquished.

Grand Total: 280 creatures vanquished

Notes
Turn   | Place    | Note
-------+----------+-------------------------------------------
     0 | D:1      | Anon1729 the Minotaur Monk began the quest for the Orb.
     0 | D:1      | Reached XP level 1. HP: 19/19 MP: 0/0
   174 | D:1      | Reached XP level 2. HP: 26/27 MP: 1/1
   220 | D:1      | Reached skill level 4 in Fighting
   665 | D:1      | Reached XP level 3. HP: 30/33 MP: 2/2
  1338 | D:2      | Found a blossoming altar of Fedhas.
  1871 | D:3      | Found a faded altar of an unknown god.
  1946 | D:3      | Reached XP level 4. HP: 40/41 MP: 3/3
  2156 | D:3      | Reached skill level 5 in Fighting
  2162 | D:3      | Reached XP level 5. HP: 48/48 MP: 4/4
  2248 | D:3      | Found a shimmering blue altar of Sif Muna.
  2248 | D:3      | Found a radiant altar of Vehumet.
  2255 | D:3      | Found a white marble altar of Elyvilon.
  2257 | D:3      | Found a glowing golden altar of the Shining One.
  2259 | D:3      | Found a faded altar of an unknown god.
  2636 | D:3      | Prayed at the altar of an unknown god.
  2636 | D:3      | Became a worshipper of Zin the Law-Giver
  2636 | D:3      | Reached * piety under Zin
  2636 | D:3      | Reached ** piety under Zin
  2636 | D:3      | Reached *** piety under Zin
  3098 | D:4      | Found an ancient bone altar of Kikubaaqudgha.
  3324 | D:5      | Entered Level 5 of the Dungeon
  3345 | D:5      | Found a glowing silver altar of Zin.
  3360 | D:5      | Reached skill level 5 in Unarmed Combat
  3401 | D:5      | Found a shadowy altar of Dithmenos.
  3474 | D:5      | Reached skill level 5 in Dodging
  3474 | D:5      | Reached XP level 6. HP: 56/56 MP: 5/5
  3546 | D:5      | Reached skill level 6 in Fighting
  3806 | D:5      | Reached XP level 7. HP: 24/64 MP: 6/6
  3963 | D:5      | Reached **** piety under Zin
  4503 | D:6      | Noticed Pikel
  4511 | D:6      | Reached skill level 7 in Fighting
  4673 | D:6      | Killed Pikel
  4674 | D:6      | Reached skill level 8 in Fighting
  4674 | D:6      | Reached XP level 8. HP: 53/74 MP: 7/7
  5036 | D:6      | You fall into a shaft and drop 3 floors!
  5096 | D:9      | Reached skill level 9 in Fighting
  5363 | D:9      | Reached XP level 9. HP: 59/83 MP: 8/8
  6053 | D:9      | Reached skill level 10 in Fighting
  6339 | D:9      | Reached XP level 10. HP: 64/94 MP: 9/9
  6605 | D:9      | Found a staircase to the Lair.
  6903 | D:9      | Reached ***** piety under Zin
  6963 | D:10     | Entered Level 10 of the Dungeon
  6963 | D:10     | Noticed a two-headed ogre
  6965 | D:10     | Noticed a two-headed ogre
  6984 | D:9      | HP: 1/94 [steam dragon/ball of steam (17)]
  6986 | D:9      | Reached skill level 11 in Fighting
  6986 | D:9      | Reached skill level 10 in Unarmed Combat
  7299 | D:9      | Reached skill level 10 in Dodging
  7373 | D:8      | Found a sand-covered staircase.
  7378 | Ossuary  | Entered an ossuary
  8005 | D:8      | Identified a scroll of acquirement
  8006 | D:8      | Acquired the scarf of Wifin {shadows, Rampage Regen+ rCorr}
  8331 | D:8      | Noticed a white ugly thing
  8340 | D:8      | Killed a white ugly thing
  8341 | D:8      | Reached skill level 12 in Fighting
  8608 | D:8      | Found a runed translucent gate.
  8608 | D:8      | Found a runed translucent gate.
  8608 | D:8      | Found a runed translucent gate.
  8608 | D:8      | Noticed a white ugly thing
  8608 | D:8      | Noticed a brown ugly thing
  8608 | D:8      | Noticed a brown ugly thing
  8608 | D:8      | Noticed a white ugly thing
  8828 | D:7      | Found a broken altar of Ashenzari.
  8829 | D:7      | Found a stormy altar of Qazlal.
  8869 | D:7      | Noticed Prince Ribbit
  8879 | D:7      | Killed Prince Ribbit
  9054 | D:7      | Found a flagged portal.
  9073 | Bailey   | Entered a bailey
  9093 | Bailey   | HP: 3/99 [ogre/+0 halberd (12)]
  9096 | Bailey   | Reached XP level 11. HP: 16/105 MP: 10/10
  9186 | Bailey   | Noticed a two-headed ogre
  9622 | D:7      | Found a staircase to the Ecumenical Temple.
 10405 | D:6      | Found a sparkling altar of Nemelex Xobeh.
 10412 | D:6      | Found an ornate altar of the Wu Jian Council.
 10412 | D:6      | Found a burning altar of Makhleb.
 10412 | D:6      | Found an opulent altar of Gozag.
 10415 | D:6      | Found a snail-covered altar of Cheibriados.
 10546 | Lair:1   | Entered Level 1 of the Lair of Beasts
 10549 | Lair:1   | You fall into a shaft and drop 1 floor!
 10577 | Lair:2   | Reached skill level 13 in Fighting
 10579 | Lair:2   | Found a staircase to the Snake Pit.
 10594 | Lair:2   | Slain by a naga

Illustrated notes

Levels and vault maps discovered:
D:1:      onia_arrival_pyramid, layout_loops_ring, serial_glass,
          glass_columns_b, glass_columns_b, due_unseen_surprise
D:2:      layout_basic, basic_altar, nicolae_concentric_dashed_squares_mild
D:3:      layout_basic, chequers_temple_overflow_minitemple,
          chequers_ecumenical_altar_simple_redux
D:4:      layout_loops_ring, mainiacjoe_overflow_catwalk
D:5:      layout_cave_pods, mainiacjoe_overflow_cross_hatched,
          nicolae_overflow_crystal_walls, hangedman_decor_growths,
          kennysheep_decorative_pillar
D:6:      layout_basic, minitemple, uniq_pikel
D:7:      layout_basic, gammafunk_temple_overflow_pools,
          minmay_temple_entry_enclosed_plants, lightli_bailey_entry_fortress,
          minmay_fire_ice_demons, uniq_prince_ribbit1
D:8:      layout_loops_ring, ploomutoo_gammafunk_ghost_potion_laboratory,
          nicolae_ossuary_entry_ruins, minmay_three_doors
D:9:      layout_basic, minmay_lair_entry_grove
D:10:     nicolae_BIG_FREAKIN_CUBE, layout_long_grid, minmay_circle_x
Lair:1:   layout_cellular_growth, dreamdust_mushroom_princess,
          cheibrodos_lair_reptile_den, lemuel_fruit_tree,
          infiniplex_staircase_pool_2
Lair:2:   beargit_carnivore_pack, layout_loops_ring, minmay_swamp_entry_swarm,
          minmay_snake_entry_guardpost_large, uniq_harold

Skill      XL: |  1  2  3  4  5  6  7  8  9 10 11 |
---------------+----------------------------------+-----
Fighting       | 4 5 6 8 9 10 12 13 | 13.0
Unarmed Combat | 4 5 7 8 9 11 | 11.8
Dodging        | 4 5 7 8 9 11 | 11.8

Action                     |  1- 3 |  4- 6 |  7- 9 | 10-12 || total
---------------------------+-------+-------+-------+-------++-------
  Melee: Unarmed           |    86 |   116 |   229 |   388 ||   819
         Headbutt          |    15 |    24 |    62 |    92 ||   193
 Invoke: Recite            |       |     1 |       |       ||     1
  Evoke: Wand              |       |       |       |     1 ||     1
    Use: Potion            |       |       |     2 |     2 ||     4
         Scroll            |       |       |       |    14 ||    14
 Armour: Robe              |     8 |       |       |       ||     8
         Plate armour      |    25 |    81 |   165 |   118 ||   389
         Quicksilver drago |       |       |       |    31 ||    31
  Dodge: Dodged            |    51 |    27 |   103 |   164 ||   345

Table legend: (Time is in decaauts)
 A = Elapsed time spent in this place.
 B = Non-inter-level travel time spent in this place.
 C = Inter-level travel time spent in this place.
 D = Time resting spent in this place.
 E = Time spent auto-exploring this place.
 F = Levels seen in this place.
 G = Mean time per level.
                   A        B        C        D        E       F      G
               +--------+--------+--------+--------+--------+-----+--------+
         Total |  10508 |   9878 |    630 |   1469 |   6765 |  14 |  750.6 |
       Dungeon |   9603 |   8974 |    629 |   1355 |   6318 |  10 |  960.3 |
          Lair |     44 |     44 |      0 |      0 |     22 |   2 |   22.0 |
       Ossuary |    506 |    506 |      0 |      0 |    349 |   1 |  506.0 |
        Bailey |    354 |    354 |      0 |    114 |     75 |   1 |  354.0 |
               +--------+--------+--------+--------+--------+-----+--------+

Top non-repeatable levels by time:
     D:9: 2360 daAuts
     D:5: 1203 daAuts
     D:2: 989 daAuts
     D:6: 989 daAuts
     D:8: 871 daAuts
     D:3: 868 daAuts
     D:7: 855 daAuts
     D:1: 786 daAuts
     D:4: 665 daAuts
 Ossuary: 506 daAuts
  Bailey: 354 daAuts
  Lair:2: 41 daAuts
    D:10: 11 daAuts
  Lair:1: 2 daAuts
